 Dungeon Crawl Stone Soup version 0.30.0-5-g1a98f26d00 (webtiles) character file.

Game seed: 1591146928985754404

296 Edyrem the Cudgeller (level 6, -2/58 HPs)
             Began as a Minotaur Monk on May 10, 2023.
             Was a Believer of Elyvilon.
             Slain by a sleepcap (4 damage)
             ... on level 4 of the Dungeon.
             The game lasted 00:05:43 (2557 turns).

Edyrem the Cudgeller (Minotaur Monk)                Turns: 2557, Time: 00:05:43

Health: -2/58      AC:  9    Str: 18    XL:     6   Next: 12%
Magic:  5/5        EV:  8    Int:  7    God:    Elyvilon [**....]
Gold:   238        SH:  0    Dex: 12    Spells: 5/5 levels left

rFire   . . .        b - +0 flail
rCold   . . .        d - orb {light}
rNeg    + . .        u - +0 chain mail
rPois   .            (helmet restricted)
rElec   .            (no cloak)
rCorr   .            (no gloves)
SInv    .            l - +0 pair of boots
Will    .....        (no amulet) Stlth
                     s - ring of positive energy
HPRegen 0.29/turn    (no ring)
MPRegen 0.09/turn

%: no passive effects
@: glowing
A: horns 2, retaliatory headbutt
a: Renounce Religion, Purification, Heal Other


You were on level 4 of the Dungeon.
You worshipped Elyvilon.
Elyvilon was pleased with you.
You visited 1 branch of the dungeon, and saw 4 of its levels.

You collected 238 gold pieces.

Inventory:

Hand Weapons
 a - a +0 mace
 b - a +0 flail (weapon)
 t - a +0 whip
Armour
 d - an orb of light (worn)
 l - a +0 pair of boots (worn)
 u - a +0 chain mail (worn)
Jewellery
 s - a ring of positive energy (left hand)
Wands
 p - a wand of acid (2)
Scrolls
 h - 2 scrolls of torment {unknown}
 k - 2 scrolls of identify {unknown}
 n - a scroll of brand weapon {unknown}
 o - 2 scrolls of amnesia {unknown}
 q - a scroll of enchant weapon {unknown}
 w - a scroll of teleportation {unknown}
Potions
 c - a potion of ambrosia
 e - 3 potions of haste {unknown}
 f - 2 potions of curing {unknown}
 g - a potion of brilliance {unknown}
 i - 3 potions of mutation {unknown}
 j - a potion of heal wounds {unknown}
 m - a potion of magic {unknown}
 r - a potion of degeneration {unknown}
 v - a potion of cancellation {unknown}
 x - 2 potions of lignification {unknown}
 z - a potion of flight {unknown}


   Skills:
 + Level 6.4 Fighting
 + Level 6.4 Maces & Flails
 - Level 3.2 Dodging


You had 5 spell levels left.
You didn't know any spells.
Your spell library contained the following spells:

 Spells                   Type           Power      Damage    Failure   Level
 Freeze                   Ice            0%         1d3       99%         1
 Static Discharge         Conj/Air       0%         2-2/arc   100%        2
 Frozen Ramparts          Ice            0%         1d1       100%        3
 Hailstorm                Conj/Ice       0%         3d3       100%        3
 Airstrike                Air            0%         2d(0-16)  100%        4
 Summon Lightning Spire   Summ/Air       0%         N/A       100%        4


Dungeon Overview and Level Annotations

Branches:
Dungeon (4/15)
 Temple: D:4-7

Altars:
Elyvilon

Shops:
D:2 :


Innate Abilities, Weirdness & Mutations

You have a pair of horns on your head.
You reflexively headbutt those who attack you in melee.


Message History

The ogre hits you with a +0 giant spiked club!!
* * * LOW HITPOINT WARNING * * *
The sleepcap releases spores at you but does no damage.
You hit the ogre.
The ogre is moderately wounded.
The ogre hits you with a +0 giant spiked club!
* * * LOW HITPOINT WARNING * * *
The sleepcap barely misses you.
You sock the ogre!
The ogre is severely wounded.
The sleepcap releases spores at you.
* * * LOW HITPOINT WARNING * * *
You sock the ogre!
You kill the ogre!
The sleepcap releases spores at you but does no damage.
The sleepcap barely misses you.
You have reached level 6!
You hit the sleepcap. You headbutt the sleepcap.
The sleepcap is moderately damaged.
The sleepcap releases spores at you but does no damage. x2
The sleepcap releases spores at you.
* * * LOW HITPOINT WARNING * * *
You are engulfed in a cloud of soporific spores!
You fall asleep.
You hear the rusting of a drain very nearby.
The sleepcap releases spores at you! Elyvilon protects you from harm!
You wake up.
You are engulfed in a cloud of soporific spores!
You are unaffected.
The sleepcap releases spores at you but does no damage. x2
You hit the sleepcap but do no damage. You headbutt the sleepcap!
The sleepcap is almost destroyed.
The sleepcap closely misses you. The sleepcap releases spores at you.
* * * LOW HITPOINT WARNING * * *
The sleepcap releases spores at you but does no damage.
You hit the sleepcap but do no damage.
The sleepcap is almost destroyed.
The sleepcap releases spores at you.
You die...

#...#.# # #.....# .#
#.#.### #.# #.#...#
#####..# .#.#....
......##.#.#..†#
##########.....#......#.#
#.....#f.^.....#..#.#.#.#
#......f@.........#.#.#.#
..##''f##......#.#.#.#.#
#.....#......#.#.#.#.#
#.....#......#.#...#.#
##...#####...........#
#.$.# ##...#.#.#..# ##.##
#>.........# #[
###.#.#.#..# ##
##........#


You could see 3 sleepcaps.

Vanquished Creatures
  2 ogres
  5 gnolls
  2 worms (D:4)
  2 dart slugs (D:1)
  3 orcs (D:3)
  7 ball pythons
  4 bats
  7 endoplasms
  6 giant cockroaches
  8 goblins
  3 hobgoblins
  2 jackals (D:1)
  3 kobolds
  8 quokkas
  4 frilled lizards
  5 rats
71 creatures vanquished.

Notes
Turn   | Place    | Note
-------+----------+-------------------------------------------
     0 | D:1      | Edyrem the Minotaur Monk began the quest for the Orb.
     0 | D:1      | Reached XP level 1. HP: 19/19 MP: 0/0
    60 | D:1      | Reached XP level 2. HP: 20/27 MP: 1/1
   440 | D:1      | Reached XP level 3. HP: 34/34 MP: 2/2
  1077 | D:2      | Noticed an ogre
  1093 | D:2      | Killed an ogre
  1094 | D:2      | Reached skill level 5 in Fighting
  1094 | D:2      | Reached skill level 5 in Maces & Flails
  1094 | D:2      | Reached XP level 4. HP: 16/42 MP: 3/3
  1094 | D:2      | Reached XP level 5. HP: 18/48 MP: 4/4
  1447 | D:2      | Found Ezuih's Vocational Training.
  1452 | D:2      | Found a faded altar of an unknown god.
  1923 | D:3      | Found a white marble altar of Elyvilon.
  1929 | D:3      | Became a worshipper of Elyvilon the Healer
  1929 | D:3      | Reached * piety under Elyvilon
  1929 | D:3      | Reached ** piety under Elyvilon
  2546 | D:4      | Noticed an ogre
  2553 | D:4      | Killed an ogre
  2554 | D:4      | Reached XP level 6. HP: 7/58 MP: 5/5
  2555 | D:4      | Elyvilon protects you from harm!
  2556 | D:4      | HP: 2/58 [sleepcap (4)]
  2557 | D:4      | Slain by a sleepcap

Illustrated notes

Levels and vault maps discovered:
D:1:      sevenhm_arrival_forest_fort_small_4, layout_basic
D:2:      layout_basic, basic_ecumenical_altar, nicolae_shop_vocational
D:3:      layout_basic, mainiacjoe_overflow_boulevard, minmay_cupped
D:4:      layout_basic, gup_sewer_entry_bowl, serial_co_window_serial,
          co_window_of_opportunity_a, co_window_paths_a, co_window_corner_a,
          co_window_corner_a, co_window_cross_1, co_window_corner_ca,
          co_window_of_opportunity_b, co_window_corner_ca, co_window_corner_b,
          co_window_unsneaky_path_c, co_window_corner_cb, co_window_broadway_b,
          co_window_4corner_a, glass_columns_a, glass_columns_c,
          glass_columns_a, glass_columns_a, glass_columns_b, hellmonk_no_cap

Skill      XL: |  1  2  3  4  5 |
---------------+----------------+-----
Fighting       | 4 5 6 |  6.4
Maces & Flails | 4 5 6 |  6.4
Dodging        | |  3.2

Action                     |  1- 3 |  4- 6 || total
---------------------------+-------+-------++-------
  Melee: Mace              |    63 |    11 ||    74
         Headbutt          |    10 |    18 ||    28
         Whip              |       |    25 ||    25
         Flail             |       |    22 ||    22
 Armour: Robe              |     2 |       ||     2
         Ring mail         |    18 |     4 ||    22
         Chain mail        |       |    14 ||    14
  Dodge: Dodged            |    48 |    23 ||    71
